 Dungeon Crawl Stone Soup version 0.31.0-11-ge490571c62 (webtiles) character file.

Game seed: 2771766240927343638

13094 Lolow the Carver (level 11, -2/102 HPs)
             Began as a Minotaur Monk on Feb 7, 2024.
             Was a High Priest of Zin.
             Slain by a blink frog (12 damage)
             ... on level 2 of the Lair of Beasts on Feb 9, 2024.
             The game lasted 01:05:44 (11314 turns).

Lolow the Carver (Minotaur Monk)                   Turns: 11314, Time: 01:05:45

Health: -2/102     AC: 11    Str: 19    XL:     11   Next: 71%
Magic:  0/10       EV: 10    Int:  7    God:    Zin [*****.]
Gold:   117        SH:  0    Dex: 20    Spells: 10/10 levels left

rFire   . . .        v - +2 trident (flame)
rCold   . . .        d - orb {light}
rNeg    . . .        I - +0 chain mail
rPois   +            (helmet restricted)
rElec   .            A - scarf {+Inv}
rCorr   .            (no gloves)
SInv    .            (no boots)
Will    .....        B - amulet of guardian spirit Stlth
                     g - +6 ring of dexterity
HPRegen 0.37/turn    G - ring of poison resistance
MPRegen 0.12/turn

%: guardian spirit
@: hasted, glowing, very quick
A: horns 2, retaliatory headbutt
a: Renounce Religion, Evoke Invisibility, Recite, Vitalisation, Imprison,
Sanctuary, Donate Gold


You were on level 2 of the Lair of Beasts.
You worshipped Zin.
Zin was extremely pleased with you.
You visited 2 branches of the dungeon, and saw 11 of its levels.

You collected 581 gold pieces.
You spent 225 gold pieces at shops.
You donated 239 gold pieces to Zin.

Inventory:

Hand Weapons
 a - a +1 falchion
 m - a +0 short sword
 u - a +0 war axe
 v - a +2 trident of flaming (weapon)
 H - a +2 quarterstaff of chaos
Missiles
 b - 102 stones
 q - 3 poisoned darts (quivered)
 y - a throwing net
Armour
 d - an orb of light (worn)
 l - a +1 buckler of protection
 n - a +1 scale mail
 r - a scarf of repulsion
 x - the +0 leather armour of Kyjoruc {Str+2 Int+2 Dex-4 Slay+2}
   (You found it on level 4 of the Dungeon)

   Str+2:     It affects your strength (+2).
   Int+2:     It affects your intelligence (+2).
   Dex-4:     It affects your dexterity (-4).
   Slay+2:    It affects your accuracy & damage with ranged weapons and melee
   (+2).
 A - a scarf of invisibility (worn)
 I - a +0 chain mail (worn)
Jewellery
 e - a ring of willpower
 g - a +6 ring of dexterity (left hand)
 t - a ring of protection from fire
 B - an amulet of guardian spirit (around neck)
 F - a ring of wizardry
 G - a ring of poison resistance (right hand)
 N - a ring of willpower
 O - a ring of magical power
 Q - a ring of ice
Wands
 z - a wand of quicksilver (6)
 L - a wand of flame (24)
 R - a wand of charming (9)
Scrolls
 k - a scroll of enchant weapon
 s - a scroll of fog
 w - a scroll of revelation
 J - 2 scrolls of immolation
 M - a scroll of poison
 P - a scroll of noise
Potions
 c - 2 potions of cancellation
 f - a potion of enlightenment {unknown}
 i - a potion of haste
 j - 4 potions of mutation
 o - a potion of might {unknown}
 p - 2 potions of degeneration
 C - a potion of invisibility
 E - a potion of resistance
 K - a potion of lignification {unknown}
 S - a potion of brilliance


   Skills:
 + Level 11.1 Fighting
 * Level 14.5 Long Blades
 + Level 9.8 Polearms
 + Level 10.2 Armour
 - Level 3.7 Dodging


You had 10 spell levels left.
You didn't know any spells.
Your spell library contained the following spells:

 Spells                   Type           Power      Damage    Failure   Level
 Magic Dart               Conj           0%         1d3       95%         1
 Slow                     Hex            0%         N/A       95%         1
 Blink                    Tloc           0%         N/A       99%         2
 Call Imp                 Summ           0%         N/A       99%         2
 Ensorcelled Hibernation  Hex/Ice        0%         N/A       99%         2
 Confusing Touch          Hex            0%         N/A       100%        3
 Fugue of the Fallen      Necr           0%         N/A       100%        3
 Inner Flame              Hex/Fire       0%         N/A       100%        3
 Ozocubu's Armour         Ice            0%         N/A       100%        3
 Sigil of Binding         Hex            0%         N/A       100%        3
 Vampiric Draining        Necr           0%         2d6       100%        3
 Anguish                  Hex/Necr       0%         N/A       100%        4
 Dimensional Bullseye     Hex/Tloc       0%         N/A       100%        4
 Manifold Assault         Tloc           0%         N/A       100%        4
 Metabolic Englaciation   Hex/Ice        0%         N/A       100%        5
 Summon Mana Viper        Hex/Summ       0%         N/A       100%        5
 Sculpt Simulacrum        Ice/Alch       0%         N/A       100%        6


Dungeon Overview and Level Annotations

Branches:
Dungeon (9/15)             Temple (0/1) D:5            Lair (2/5) D:9
    Orc (0/2) D:9
  Swamp: Lair:2-3    Shoals: Lair:2-3     Snake: Lair:2-3    Spider: Lair:2-3

Altars:
Ashenzari
Elyvilon
Fedhas
Gozag
Qazlal
Zin

Shops:
D:1 [   D:5 *   D:6 :   D:8 !   D:9 ****

Annotations:
D:9 MrCrawl's ghost, novice MiBe


Innate Abilities, Weirdness & Mutations

You have a pair of horns on your head.
You reflexively headbutt those who attack you in melee.


Message History

Throw: 5 darts (poison)
Press: ? - help, Q - select action, (/) - cycle Shift-Dir - straight line, f/p - lindwurm
Aim: a lindwurm (poisoned, 78% to hit)
You throw a poisoned dart.
The poisoned dart barely misses the lindwurm.
Unknown command.
Throw: 4 darts (poison)
Press: ? - help, Q - select action, (/) - cycle Shift-Dir - straight line, f/p - lindwurm
Aim: a lindwurm (poisoned, haloed, 94% to hit)
You throw a poisoned dart. The poisoned dart hits the lindwurm.
The lindwurm breathes flames at you. The blast of flame hits you!!
* * * LOW HITPOINT WARNING * * *
The lindwurm breathes flames at you. The blast of flame hits you!!
* * * LOW HITPOINT WARNING * * *
You feel better. 3 blink frogs come into view.
The blink frog gives a loud, deep croak!
The blink frog croaks. x2
Okay, then.
Okay, then.
As you read the scroll of fear, it crumbles to dust.
You assume a fearsome visage.
The blink frog looks frightened! x3
The lindwurm looks frightened!
The blink frog blinks! x2
A blink frog comes into view.
The blink frog blinks!
The blink frog moves out of view.
The blink frog blinks! x2
A blink frog comes into view.
The blink frog croaks.
The blink frog blinks! x2; The blink frog moves out of view.
Found a shortbow.
The blink frog croaks.
The blink frog blinks!
The blink frog blinks! x2; The blink frog hits you.
* * * LOW HITPOINT WARNING * * *
The blink frog blinks! x2
The blink frog attacks as it pursues you!
The blink frog hits you!
You die...

...# ## .......(.
..###.#### #. #..
##....... #....#...##.
#.####.. #.....(..
##.†<......# #..##..
##.....(.. ######.#...
#.....####.....$$.. .
#..
##.§...##.......†.. .
#..#...#.#...#........
.
#.......##..#....k....
.
#)..@F§...###P.....(.
. #..#..F.F.#
####..... . #...
##......# ##...( .
#... #.......# #.... #
#.. ....#P...# #.#.#
#. .....###..## ##.##
# ...§..# #.## .#..#
.....## #.. ......
..##F ..### ..##.#


You could see 3 blink frogs.

Vanquished Creatures
  A hydra (Lair:2)
  6 elephants (Lair:1)
  3 cane toads
  A rime drake (Lair:2)
  A komodo dragon (Lair:2)
  3 blink frogs (Lair:2)
  6 dream sheep
  A wyvern (D:8)
  12 yaks
  A basilisk (Lair:2)
  2 steam dragons
  14 water moccasins
  A sky beast (D:6)
  An ice beast (D:6)
  An orc warrior (D:9)
  An ogre (D:6)
  3 black bears
  7 wolves
  5 centaurs
  A phantom (D:6)
  2 kobold brigands (D:9)
  A gnoll sergeant (D:5)
  Blork the orc (D:6)
  6 bullfrogs
  A scorpion (D:5)
  10 killer bees
  3 howler monkeys
  A bombardier beetle (D:4)
  2 jellies (D:6)
  A sleepcap (D:4)
  3 hounds
  Crazy Yiuf (D:5)
  6 orc priests
  3 orc wizards
  5 iguanas
  4 gnolls
  2 adders
  2 shadow imps
  2 ufetubi (D:6)
  6 dart slugs
  A ribbon worm (D:2)
  35 orcs
  5 bats
  8 endoplasms
  8 giant cockroaches
  7 goblins
  6 hobgoblins
  4 jackals (D:1)
  11 kobolds
  4 quokkas
  4 ball pythons
  4 frilled lizards
  4 rats
234 creatures vanquished.

Notes
Turn   | Place    | Note
-------+----------+-------------------------------------------
     0 | D:1      | Lolow the Minotaur Monk began the quest for the Orb.
     0 | D:1      | Reached XP level 1. HP: 19/19 MP: 0/0
    84 | D:1      | Reached XP level 2. HP: 27/27 MP: 1/1
   158 | D:1      | Found Ofrurphi's Armour Shop.
   277 | D:1      | Reached skill level 4 in Long Blades
   551 | D:1      | Reached XP level 3. HP: 33/33 MP: 2/2
   724 | D:1      | Reached skill level 1 in Armour
   993 | D:2      | Got the Monograph on Malisons
  1254 | D:2      | Reached XP level 4. HP: 41/41 MP: 3/3
  1982 | D:3      | Found a glowing silver altar of Zin.
  1986 | D:3      | Became a worshipper of Zin the Law-Giver
  1986 | D:3      | Reached * piety under Zin
  1986 | D:3      | Reached ** piety under Zin
  1987 | D:3      | Donated 44 gold pieces to Zin
  2108 | D:3      | Reached *** piety under Zin
  2247 | D:4      | Found a stormy altar of Qazlal.
  2277 | D:4      | Reached skill level 5 in Fighting
  2277 | D:4      | Reached XP level 5. HP: 19/48 MP: 4/4
  2433 | D:4      | Reached skill level 5 in Long Blades
  2447 | D:4      | Found a blossoming altar of Fedhas.
  2455 | D:4      | Noticed a black bear
  2508 | D:3      | Killed a black bear
  2509 | D:3      | Reached skill level 1 in Polearms
  2603 | D:4      | Reached XP level 6. HP: 38/56 MP: 5/5
  2743 | D:4      | Identified the +0 leather armour of Kyjoruc {Str+2 Int+2
                  | Dex-4 Slay+2}
  2875 | D:5      | Entered Level 5 of the Dungeon
  2890 | D:5      | Found a broken altar of Ashenzari.
  2910 | D:5      | Reached skill level 6 in Long Blades
  3112 | D:5      | Reached XP level 7. HP: 62/62 MP: 6/6
  3118 | D:5      | Found Ucsenown's Neck Hole.
  3130 | D:5      | Bought a scarf of invisibility for 132 gold pieces
  3210 | D:5      | Found a staircase to the Ecumenical Temple.
  3377 | D:5      | Reached skill level 7 in Long Blades
  3406 | D:5      | Donated 12 gold pieces to Zin
  3522 | D:5      | Found a runed translucent door.
  3523 | D:5      | Noticed Crazy Yiuf
  3531 | D:5      | Killed Crazy Yiuf
  3883 | D:6      | Reached XP level 8. HP: 34/71 MP: 7/7
  4042 | D:6      | Reached skill level 8 in Long Blades
  4042 | D:6      | Reached skill level 5 in Armour
  4091 | D:6      | Found a white marble altar of Elyvilon.
  4094 | D:6      | Found an opulent altar of Gozag.
  4109 | D:6      | Noticed Blork the orc
  4123 | D:6      | Killed Blork the orc
  4201 | D:6      | Reached **** piety under Zin
  4536 | D:6      | Found Aducuss's Tremendous Tomes.
  5062 | D:7      | Reached skill level 9 in Long Blades
  5062 | D:7      | Reached skill level 5 in Polearms
  5602 | D:7      | Reached XP level 9. HP: 47/79 MP: 8/8
  6376 | D:7      | Reached skill level 10 in Long Blades
  6775 | D:8      | Found a runed translucent gate.
  6775 | D:8      | Found a runed translucent gate.
  6775 | D:8      | Found a runed translucent gate.
  6808 | D:8      | Noticed MrCrawl's ghost (novice MiBe)
  6815 | D:8      | Found Zeptoihiqu's Distillery.
  6832 | D:8      | Bought a potion of curing for 39 gold pieces
  6832 | D:8      | Donated 48 gold pieces to Zin
  7234 | D:9      | Found Adetingi's Assorted Antiques.
  7235 | D:9      | Found Qewuy's General Store.
  7242 | D:9      | Bought a scroll of identify for 54 gold pieces
  7750 | D:9      | Found Zuicvu Sisy's General Store.
  7864 | D:9      | Found a staircase to the Lair.
  7869 | Lair:1   | Entered Level 1 of the Lair of Beasts
  7879 | Lair:1   | Reached skill level 11 in Long Blades
  7970 | D:9      | Reached XP level 10. HP: 78/90 MP: 7/9
  8181 | D:9      | Found a transporter.
  8184 | D:9      | Found Riapnaent's Assorted Antiques.
  8186 | D:9      | Found a transporter.
  8196 | D:9      | Reached ***** piety under Zin
  8490 | D:9      | Found a staircase to the Orcish Mines.
  8930 | Lair:1   | Reached skill level 12 in Long Blades
  9048 | Lair:1   | Noticed a cane toad
  9055 | Lair:1   | Killed a cane toad
  9403 | Lair:1   | Noticed an elephant
  9403 | Lair:1   | Noticed an elephant
  9403 | Lair:1   | Noticed an elephant
  9404 | Lair:1   | Noticed an elephant
  9406 | Lair:1   | Noticed an elephant
  9414 | Lair:1   | Noticed an elephant
  9417 | Lair:1   | Killed an elephant
  9418 | Lair:1   | Reached skill level 10 in Fighting
  9433 | Lair:1   | Killed an elephant
  9434 | Lair:1   | Reached skill level 13 in Long Blades
  9442 | Lair:1   | Killed an elephant
  9443 | Lair:1   | Reached XP level 11. HP: 26/99 MP: 4/10
 10542 | Lair:1   | Donated 77 gold pieces to Zin
 10662 | Lair:2   | Noticed a seven-headed hydra
 10672 | Lair:2   | Killed a seven-headed hydra
 10673 | Lair:2   | Reached skill level 14 in Long Blades
 10895 | Lair:2   | Reached skill level 10 in Armour
 11292 | Lair:2   | Noticed a lindwurm
 11302 | Lair:2   | HP: 3/102 [lindwurm/blast of flame (20)]
 11314 | Lair:2   | Slain by a blink frog

Illustrated notes

Levels and vault maps discovered:
D:1:      dpeg_arrival_tiny_i, layout_basic, serial_shops, shop, st_stairs_5
D:2:      layout_loops_ring, minmay_tromino_v4_b
D:3:      layout_rooms, mainiacjoe_overflow_24_doors
D:4:      layout_gridville, nicolae_qazlal_general_emergency,
          mainiacjoe_overflow_brackets, skrybe_limestone_x,
          dreamdust_mushroom_princess
D:5:      layout_basic, mainiacjoe_overflow_chevrons,
          nicolae_shop_sticking_my_neck_out, uniq_crazy_yiuf_cottage
D:6:      layout_loops_cross, grunt_temple_overflow_open,
          nicolae_shop_i_like_big_books, hex_tiny, uniq_blork_the_orc
D:7:      layout_basic
D:8:      layout_rooms, ebering_ghost_rock_garden, serial_shops,
          nicolae_square_shop
D:9:      layout_stronghold, lair_entry_dummy, david_orc_5, serial_shops, shop,
          shop, shop, nicolae_shop_drivethru, shop
Lair:1:   layout_small_grid, chequers_serial_rivers_small_b
Lair:2:   layout_layer_cave

Skill      XL: |  1  2  3  4  5  6  7  8  9 10 11 |
---------------+----------------------------------+-----
Fighting       | 4 5 6 7 8 10 11 | 11.1
Long Blades    | 4 5 6 7 9 11 13 14 | 14.5
Armour         | 1 2 3 4 6 7 9 10 | 10.2
Polearms       | 1 2 3 5 7 8 9 |  9.8
Dodging        | |  3.7

Action                     |  1- 3 |  4- 6 |  7- 9 | 10-12 || total
---------------------------+-------+-------+-------+-------++-------
  Melee: Falchion          |    82 |    31 |       |       ||   113
         Headbutt          |    18 |    25 |    57 |    90 ||   190
         Trident           |       |    69 |   234 |   265 ||   568
  Throw: Stone             |       |     4 |     5 |       ||     9
         Dart              |       |       |    19 |    57 ||    76
 Invoke: Donate Gold       |       |     1 |     2 |     1 ||     4
         Vitalisation      |       |       |       |     1 ||     1
    Use: Scroll            |     1 |     7 |    12 |     6 ||    26
         Potion            |       |     2 |     8 |     6 ||    16
 Armour: Robe              |    11 |       |       |       ||    11
         Ring mail         |     9 |       |       |       ||     9
         Skin              |     1 |       |       |       ||     1
         Scale mail        |    11 |    85 |    62 |       ||   158
         Chain mail        |       |       |   191 |   226 ||   417
  Dodge: Dodged            |    33 |    60 |   148 |   115 ||   356
